 Dungeon Crawl Stone Soup version 0.27-a0-637-g3a9f0a9c12 (webtiles) character file.

Game seed: 889863885515125177

31 jasper the Slasher (level 3, -5/27 HPs)
             Began as a Demonspawn Warper on Mar 14, 2021.
             Slain by a worker ant (6 damage)
             ... on level 2 of the Dungeon.
             The game lasted 00:02:39 (1778 turns).

jasper the Slasher (Demonspawn Warper)              Turns: 1778, Time: 00:02:41

Health: -5/27      AC:  5    Str:  9 (11) XL:     3   Next: 7%
Magic:  6/6        EV: 10    Int: 13 (15) God:
Gold:   43         SH:  0    Dex: 11 (12) Spells: 4/6 levels left

rFire    . . .     SeeInvis .   a - +0 falchion
rCold    . . .     Faith    .   (no shield)
rNeg     . . .     Spirit   .   c - +0 ring mail
rPois    .         Reflect  .   (no helmet)
rElec    .         Harm     .   (no cloak)
rCorr    .         Rampage  .   (no gloves)
Will     .....                  (no boots)
Stlth    ..........             (no amulet)
HPRegen  0.09/turn              o - ring of wizardry
MPRegen  0.10/turn              (no ring)

@: lethally poisoned (-5 -> -16)
A: hooves 2
a: no special abilities


You were on level 2 of the Dungeon.
You visited 1 branch of the dungeon, and saw 2 of its levels.

You collected 43 gold pieces.

Inventory:

Hand Weapons
 a - a +0 falchion (weapon)
 m - a +0 hunting sling
 q - a +0 rapier
Missiles
 e - 5 boomerangs of dispersal
 i - 48 stones (quivered)
 l - 43 sling bullets
Armour
 b - a +0 leather armour
 c - a +0 ring mail (worn)
Jewellery
 o - a ring of wizardry (right hand)
Scrolls
 d - a scroll of blinking
 f - 2 scrolls of identify {unknown}
 j - a scroll of fear {unknown}
 k - a scroll of enchant weapon {unknown}
 p - a scroll of teleportation {unknown}


   Skills:
 - Level 2.0 Fighting
 + Level 3.2 Long Blades
 - Level 0.8 Throwing
 - Level 0.8 Armour
 - Level 1.7 Dodging
 - Level 2.0 Spellcasting
 - Level 2.6 Translocations


You had 4 spell levels left.
You knew the following spells:

 Your Spells              Type           Power      Damage    Failure   Level
a - Blink                 Tloc           N/A        N/A       14%         2

Your spell library contained the following spells:

 Spells                   Type           Power      Damage    Failure   Level
 Corona                   Hex            1%         N/A       26%         1
 Gell's Gravitas          Tloc           4%         N/A       26%         3
 Lesser Beckoning         Tloc           4%         N/A       26%         3
 Teleport Other           Tloc           8%         N/A       26%         3
 Ensorcelled Hibernation  Hex/Ice        2%         N/A       38%         2
 Confusing Touch          Hex            1%         N/A       61%         3
 Dazzling Flash           Conj/Hex       2%         N/A       61%         3
 Tukima's Dance           Hex            1%         N/A       61%         3
 Manifold Assault         Tloc           8%         N/A       65%         4


Dungeon Overview and Level Annotations

Branches:
Dungeon (2/15)

Altars:


Innate Abilities, Weirdness & Mutations

You have hoof-like feet.


Message History

[Y]es or [N]o only, please.
Really abort (and waste the scroll)?
Okay, then.
You feel sick. The worker ant bites you.
* * * LOW HITPOINT WARNING * * *
You take 3 damage, and have 8/27 hp.
It was a potion of heal wounds.
You feel much better.
You feel sick. The worker ant barely misses you. The worker ant bites you.
You regained 17 hp, and now have 25/27 hp.
Your ring mail prevents you from hitting the worker ant.
The worker ant is heavily wounded.
You feel sick. The worker ant bites you.
You take 2 damage, and have 23/27 hp.
You hit the worker ant but do no damage.
Your kick misses the worker ant.
The worker ant is heavily wounded.
You feel sick. The worker ant bites you.
You are more poisoned.
The worker ant poisons you!
You take 5 damage, and have 18/27 hp.
You hit the worker ant.
The worker ant is heavily wounded.
You feel sick. The worker ant bites you. x2
You take 9 damage, and have 9/27 hp.
MASSIVE DAMAGE!!
You hit the worker ant but do no damage.
The worker ant is heavily wounded.
* * * LOW HITPOINT WARNING * * *
You feel sick. The worker ant bites you.
* * * LOW HITPOINT WARNING * * *
You take 5 damage, and have 4/27 hp.
You hit the worker ant. Your kick misses the worker ant.
The worker ant is severely wounded.
* * * LOW HITPOINT WARNING * * *
You feel sick. The worker ant closely misses you.
You take 2 damage, and have 2/27 hp.
You closely miss the worker ant.
The worker ant is severely wounded.
* * * LOW HITPOINT WARNING * * *
You feel sick. The worker ant bites you.
You die...

##.####..............###.....
#.# #.########...#)..#####+
#.# #.# #..# #...#...# #. #.#
#.####.# #...#...# #. #.#
#.#....# #...#.### #. #.#
#.#....# #...#.#######. #.#
#.#....###...#.......#. #.#
#............'.......#. #.#
######@###...##......#. #.#
#B# #...##......#. #.# #(#
#...##..###### ##.#######.#.#
######### #..........#.#
############.# #.# #.####
#....#


You could see a worker ant.

Vanquished Creatures
  An adder (D:2)
  2 dart slugs (D:1)
  A leopard gecko (D:1)
  A bat (D:1)
  A giant cockroach (D:2)
  3 hobgoblins
  A kobold (D:1)
  2 frilled lizards (D:1)
  7 rats
19 creatures vanquished.

Notes
Turn   | Place    | Note
-------+----------+-------------------------------------------
     0 | D:1      | jasper the Demonspawn Warper began the quest for the Orb.
     0 | D:1      | Reached XP level 1. HP: 16/16 MP: 3/3
    37 | D:1      | Reached skill level 2 in Long Blades
   255 | D:1      | Gained mutation: You have large cloven feet. [demonic
                  | ancestry]
   255 | D:1      | Reached XP level 2. HP: 13/22 MP: 5/5
  1305 | D:2      | Learned a level 2 spell: Blink
  1567 | D:2      | Reached skill level 3 in Long Blades
  1673 | D:2      | Gained mutation: You have hoof-like feet. [demonic
                  | ancestry]
  1673 | D:2      | Reached XP level 3. HP: 24/27 MP: 6/6
  1778 | D:2      | HP: 1/27 [poisoned by a worker ant]
  1778 | D:2      | Slain by a worker ant

Illustrated notes

Levels and vault maps discovered:
D:1:      heliophobic_arrival_ceremonial_halls, layout_basic,
          grunt_decor_junction
D:2:      layout_basic, lemuel_coloured_pillars_altar, minmay_box_of_dots

Skill      XL: |  1  2 |
---------------+-------+-----
Long Blades    | 2 3 |  3.2
Fighting       | |  2.0
Throwing       | |  0.8
Armour         | |  0.8
Dodging        | |  1.7
Spellcasting   | |  2.0
Translocations | |  2.6

Action                   || total
-------------------------++-------
Melee: Falchion          ||    42
       Kick              ||     2
 Fire: Hunting sling     ||    36
Throw: Stone             ||     1
  Use: Potion            ||     2
       Scroll            ||     1
Armor: Ring mail         ||    21
       Leather armour    ||     1
Dodge: Dodged            ||    33
       Rpst.: Falchion   ||     9

Table legend: (Time is in decaauts)
 A = Elapsed time spent in this place.
 B = Non-inter-level travel time spent in this place.
 C = Inter-level travel time spent in this place.
 D = Time resting spent in this place.
 E = Time spent auto-exploring this place.
 F = Levels seen in this place.
 G = Mean time per level.
                   A        B        C        D        E       F      G
               +--------+--------+--------+--------+--------+-----+--------+
         Total |   1788 |   1687 |    101 |    249 |   1218 |   2 |  894.0 |
       Dungeon |   1788 |   1687 |    101 |    249 |   1218 |   2 |  894.0 |
               +--------+--------+--------+--------+--------+-----+--------+

Top non-repeatable levels by time:
     D:1: 1282 daAuts
     D:2: 506 daAuts
